 Dungeon Crawl Stone Soup version 0.32-a0-685-g93135e86f0 (webtiles) character file.

Game seed: 13453184086615355774

62 ytrimaz the Trooper (level 4, -2/37 HPs)
             Began as a Coglin Fighter on Mar 12, 2024.
             Slain by a gnoll
             ... wielding a +0 halberd
              (11 damage)
             ... on level 2 of the Dungeon.
             The game lasted 00:00:48 (928 turns).

ytrimaz the Trooper (Coglin Fighter)                 Turns: 928, Time: 00:00:49

Health: -2/37      AC:  6    Str: 18    XL:     4   Next: 8%
Magic:  4/4        EV:  9    Int:  7    God:
Gold:   88         SH:  4    Dex: 14    Spells: 3/3 levels left

rFire   . . .        a - +0 war axe {Yolanda}
rCold   . . .        c - +0 buckler
rNeg    . . .        b - +0 scale mail
rPois   .            (no helmet)
rElec   .            (no cloak)
rCorr   .            (no gloves)
SInv    .            (no boots)
Will    .....        (amulet unavailable) Stlth
                     (ring unavailable)
HPRegen 0.26/turn    (ring unavailable)
MPRegen 0.09/turn    (no gizmo)

%: no passive effects
@: revved
A: off-hand wielding, slow wielding, warmup strikes, no jewellery
a: Invent Gizmo


You were on level 2 of the Dungeon.
You visited 1 branch of the dungeon, and saw 2 of its levels.

You collected 88 gold pieces.


Innate Abilities, Weirdness & Mutations

You can wield a second weapon in your off-hand.
It takes a long time for you to wield or remove held weapons.
Your first few attacks do less damage.
You cannot equip rings or amulets.


   Skills:
 + Level 3.7 Fighting
 + Level 2.9 Axes
 + Level 3.3 Armour
 - Level 2.1 Shields


You had 3 spell levels left.
You didn't know any spells.
Your spell library was empty.

Inventory:

Hand Weapons
 a - a +0 war axe (weapon) {Yolanda}
Armour
 b - a +0 scale mail (worn)
 c - a +0 buckler (worn)
Scrolls
 f - a scroll of fear {unknown}
 k - a scroll of teleportation {unknown}
Potions
 d - a potion of might
 e - 2 potions of curing {unknown}
 g - a potion of berserk rage {unknown}
 h - a potion of brilliance {unknown}
 i - a potion of invisibility {unknown}
 j - a potion of heal wounds {unknown}

Dungeon Overview and Level Annotations

Branches:
Dungeon (2/15) Zot: 11030

Altars:

......... .... ........#
.#..##
......#.#####....#.
..............#...
.......†.........# .
...........####..#####..
...........# #..........
....##.....###.S##g.....
....##....##....@S....#
....##.........########
....###.#......# ....#
#.###....# ....###.#
##...# .....##.####...#
.....##..........
......#...........
##.#..............


You could see a gnoll and 2 adders.


Message History

You miss the adder. x2; The adder completely misses you.
A gnoll comes into view. It is wielding a +0 halberd.
The adder bites you. The adder bites you but does no damage.
The adder barely misses you.
The gnoll moves out of view. 😕 HP[-1]
You take 1 damage, and now have 28/29 hp.
Unknown command.
You hit the adder. x2; The adder barely misses you.
You block the adder's attack.
The adder bites you but does no damage. 😎 HP[+1]
Your hp is fully restored (29).
You barely miss the adder. You miss the adder. You block the adder's attack. x2
The adder bites you but does no damage. The jackal misses you.
The adder bites you but does no damage.
You slash the adder!
You kill the adder!
You hit the jackal. You miss the adder. The jackal bites you.
The adder bites you but does no damage. The jackal bites you.
The adder bites you but does no damage.
You have reached level 4!
You feel agile. 😕 HP[+6] MP[+1]
You now have 37 max hp (+8).
You regained 6 hp, and now have 35/37 hp.
Your mp is fully restored (4).
The jackal attacks as it pursues you! The jackal bites you.
The jackal barely misses you.
You see here a dart slug corpse. 😕 HP[-2]
You take 2 damage, and now have 33/37 hp.
You barely miss the jackal. The jackal bites you.
The jackal closely misses you. 😕 HP[-1]
You take 1 damage, and now have 32/37 hp.
You barely miss the jackal.
The jackal bites you but does no damage.
A bat comes into view.
The jackal barely misses you.
Unknown command.
You closely miss the jackal. The jackal closely misses you.
A jackal comes into view.
The jackal completely misses you.
Unknown command.
The jackal barks!
You slash the jackal!
You kill the jackal!
You hear an angry hiss.
The bat hits you but does no damage.
The adder bites you but does no damage. 😕 HP[+1]
You barely miss the adder. You block the adder's attack.
The adder closely misses you.
You hit the adder. The adder bites you but does no damage.
A hobgoblin comes into view.
The adder bites you but does no damage.
You miss the adder. You barely miss the jackal.
The hobgoblin shouts!
The adder bites you.
The jackal bites you but does no damage.
An adder comes into view.
Unknown command.
You miss the adder.
The gnoll shouts!
You hit the jackal.
You kill the jackal!
The adder closely misses you. The adder bites you but does no damage.
You barely miss the adder. The adder bites you but does no damage.
You block the adder's attack. 😕 HP[+1]
You closely miss the adder. The adder bites you but does no damage.
The adder barely misses you.
Unknown command.
You barely miss the adder. You hit the hobgoblin. The adder barely misses you.
The hobgoblin hits you. 😕 HP[-3]
You take 3 damage, and now have 31/37 hp.
You hit the adder but do no damage. You barely miss the hobgoblin.
The adder closely misses you. The hobgoblin barely misses you.
The adder bites you but does no damage. The hobgoblin hits you.
The gnoll hits you from afar with a +0 halberd! 😮 HP[-12]
You take 12 damage, and now have 19/37 hp.
MASSIVE DAMAGE!! (PAUSE)
You slash the hobgoblin!
You kill the hobgoblin!
You closely miss the adder. The adder bites you.
* * * LOW HITPOINT WARNING * * *
You block the adder's attack. The gnoll closely misses you.
The adder completely misses you. 😨 HP[-2]
You take 2 damage, and now have 17/37 hp.
You are too injured to fight recklessly!
You hit the adder. You miss the adder. The adder bites you.
* * * LOW HITPOINT WARNING * * *
The gnoll hits you from afar with a +0 halberd.
* * * LOW HITPOINT WARNING * * *
The adder barely misses you. The adder bites you.
* * * LOW HITPOINT WARNING * * *
The adder barely misses you.
The gnoll hits you from afar with a +0 halberd!
You die...

Skill      XL: |  1  2 |
---------------+-------+-----
Armour         | 3 |  3.3
Fighting       | |  3.7
Axes           | |  2.9
Shields        | |  2.1

Action                     |  1- 3 |  4- 6 || total
---------------------------+-------+-------++-------
  Melee: War axe           |    82 |    14 ||    96
 Armour: Scale mail        |   131 |    21 ||   152
  Dodge: Dodged            |    61 |    15 ||    76
  Block: Buckler           |    38 |     3 ||    41

Levels and vault maps discovered:
D:1:      psy_arrival_terrarium, layout_loops_ring, st_stairs_10
D:2:      layout_rooms, dreamdust_ecumenical_altar_grove, minmay_distorted

Notes
Turn   | Place    | Note
-------+----------+-------------------------------------------
     0 | D:1      | ytrimaz the Coglin Fighter began the quest for the Orb.
     0 | D:1      | Reached XP level 1. HP: 18/18 MP: 1/1
     0 | D:1      | magus.rc [v1.9.6]
    56 | D:1      | Reached XP level 2. HP: 22/24 MP: 2/2
   330 | D:1      | Reached skill level 3 in Armour
   337 | D:1      | Reached XP level 3. HP: 17/29 MP: 3/3
   914 | D:2      | Reached XP level 4. HP: 35/37 MP: 4/4
   928 | D:2      | HP: 9/37 [adder (1)]
   928 | D:2      | Slain by a gnoll

Vanquished Creatures
  An adder (D:2)
  2 dart slugs (D:2)
  A ribbon worm (D:2)
  8 ball pythons
  3 bats
  3 giant cockroaches
  4 hobgoblins
  9 jackals
  2 quokkas (D:2)
  2 goblins
  2 kobolds (D:1)
  5 rats
42 creatures vanquished.

Table legend:
 A = Non-vault XP
 B = Vault XP
 C = Vault XP percentage of total XP
 D = Non-vault monster count
 E = Vault monster count
 F = Vault count percentage of total count
                 A         B        C        D         E       F
            +---------+---------+-------+---------+---------+-------
      Total |      86 |       3 |   3.4 |      40 |       2 |   4.8
            +---------+---------+-------+---------+---------+-------
        D:1 |      36 |       1 |   2.7 |      22 |       1 |   4.3
        D:2 |      50 |       2 |   3.8 |      18 |       1 |   5.3
            +---------+---------+-------+---------+---------+-------

Skill      XL: |  1  2 |
---------------+-------+-----
Armour         | 3 |  3.3
Fighting       | |  3.7
Axes           | |  2.9
Shields        | |  2.1

Action                     |  1- 3 |  4- 6 || total
---------------------------+-------+-------++-------
  Melee: War axe           |    82 |    14 ||    96
 Armour: Scale mail        |   131 |    21 ||   152
  Dodge: Dodged            |    61 |    15 ||    76
  Block: Buckler           |    38 |     3 ||    41

Illustrated notes

Table legend:
 A = Kills in this place as a percentage of kills in the entire game.
 B = Kills by you in this place as a percentage of kills by you in the entire game.
 C = Kills by friends in this place as a percentage of kills by friends in the entire game.
 D = Other kills in this place as a percentage of other kills in the entire game.
 E = Experience gained in this place as a percentage of experience gained in the entire game.
 F = Experience gained in this place divided by the number of levels of this place that you have seen.
                   A       B       C       D       E      F
               +-------+-------+-------+-------+-------+----------------------
         Total | 100.0 | 100.0 |   N/A |   N/A | 100.0 |  44.5
       Dungeon | 100.0 | 100.0 |   N/A |   N/A | 100.0 |  44.5
               +-------+-------+-------+-------+-------+----------------------

Table legend: (Time is in decaauts)
 A = Elapsed time spent in this place.
 B = Non-inter-level travel time spent in this place.
 C = Inter-level travel time spent in this place.
 D = Time resting spent in this place.
 E = Time spent auto-exploring this place.
 F = Levels seen in this place.
 G = Mean time per level.
                   A        B        C        D        E       F      G
               +--------+--------+--------+--------+--------+-----+--------+
         Total |    967 |    955 |     12 |      0 |    718 |   2 |  483.5 |
       Dungeon |    967 |    955 |     12 |      0 |    718 |   2 |  483.5 |
               +--------+--------+--------+--------+--------+-----+--------+

Top non-repeatable levels by time:
     D:1: 717 daAuts
     D:2: 250 daAuts
